 Dungeon Crawl Stone Soup version 0.27-a0-1595-g0b823d0a13 (webtiles) character file.

Game seed: 15416669350736135791

53 elagabalus the Chopper (level 3, 0/33 HPs)
             Began as a Hill Orc Berserker on July 20, 2021.
             Was a Believer of Trog.
             Killed by divine providence
             ... invoked by an orc priest
              (13 damage)
             ... on level 4 of the Dungeon.
             The game lasted 00:10:33 (1110 turns).

elagabalus the Chopper (Hill Orc Berserker)         Turns: 1110, Time: 00:10:34

Health: 0/33       AC:  5    Str: 20    XL:     3   Next: 89%
Magic:  3/3        EV: 11    Int:  7    God:    Trog [**....]
Gold:   53         SH:  0    Dex: 10    Spells: 2/2 levels left

rFire    . . .     SeeInvis .   a - +0 hand axe
rCold    . . .     Faith    .   (no shield)
rNeg     . . .     Spirit   .   c - +0 ring mail
rPois    .         Reflect  .   (no helmet)
rElec    .         Harm     .   (no cloak)
rCorr    .         Rampage  .   (no gloves)
Will     .....                  (no boots)
Stlth    ..........             (no amulet)
HPRegen  0.11/turn              (no ring)
MPRegen  0.08/turn              (no ring)

@: no status effects
A: no striking features
a: Renounce Religion, Convert to Beogh, Berserk, Trog's Hand


You were on level 4 of the Dungeon.
You worshipped Trog.
Trog was pleased with you.
You visited 1 branch of the dungeon, and saw 4 of its levels.

You collected 53 gold pieces.

Inventory:

Hand Weapons
 a - a +0 hand axe (weapon)
Armour
 c - a +0 ring mail (worn)
Scrolls
 f - a scroll of identify {unknown}
Potions
 b - 2 potions of curing {unknown}
 d - a potion of mutation {unknown}
 e - a potion of heal wounds {unknown}


   Skills:
 - Level 4.0 Fighting
 * Level 5.6 Axes
 - Level 2.1 Armour
 - Level 2.0 Dodging


You had 2 spell levels left.
You didn't know any spells.
Your spell library contained the following spells:

 Spells                   Type           Power      Damage    Failure   Level
 Sublimation of Blood     Necr           0%         N/A       75%         2
 Call Canine Familiar     Summ           0%         N/A       93%         3
 Portal Projectile        Hex/Tloc       0%         N/A       93%         3
 Leda's Liquefaction      Hex/Erth       0%         N/A       100%        4
 Petrify                  Tmut/Erth      0%         N/A       100%        4
 Irradiate                Conj/Tmut      0%         3d13      100%        5


Dungeon Overview and Level Annotations

Branches:
Dungeon (4/15)             Temple (0/1) D:4

Altars:

Annotations:
D:4 Sigmund


Message History

You add the spells Sublimation of Blood, Petrify and Irradiate to your library.
Something hits you!
You blink.
You see here 29 arrows.
Something tries to affect you, but you resist.
Found 2 blue potions.
Found a scroll of fog.
You see here 2 blue potions.
b - 2 blue potions
Found a scroll labelled WOAPHI ARIXUMN.
You see here a scroll of fog.
f - a scroll of fog
As you read the scroll of fog, it crumbles to dust.
The scroll dissolves into smoke.
Found a hand axe.
Found a stone staircase leading down.
Found a stone staircase leading up.
You see here a scroll labelled WOAPHI ARIXUMN.
f - a scroll labelled WOAPHI ARIXUMN Sigmund appears from thin air!
Reactivating autopickup.
Sigmund giggles. "Time to reap what you sow."
Sigmund barely misses you.
Sigmund says, "Look into my eyes."
You see here a +0 hand axe.
An orc priest comes into view. It is wielding a +0 whip.
Found a staircase to the Ecumenical Temple and a stone staircase leading up.
The orc priest threatens, "By the altar or by the axe, you will meet Beogh!" (press Y on the ability menu to convert to Beogh)
A kobold comes into view. It is wielding a +0 whip.
Found an escape hatch in the ceiling.
The kobold shouts!
Sigmund points at you and mumbles some strange words.
The magic dart hits you! Sigmund gestures at you while chanting.
You resist with significant effort.
Sigmund casts a spell.
Sigmund flickers and vanishes!
Deactivating autopickup; reactivate with Ctrl-A.
The orc priest mumbles some strange prayers to Beogh against you.
Beogh smites you!
You die...

.. ... #.## ....
...########...
#........<.#
#..........# ....
#........# .....
#........# ...##.
#....@<..#
....#.######...o....#
.##...............###
# ...#####.....## #
#>#...{..#..# #
###...).#...K##
##§....###..>..#
#§§§§......###.#
###§§##......# .#


You could see an orc priest and a kobold.

Vanquished Creatures
  An adder (D:2)
  An orc (D:2)
  3 endoplasms
  7 goblins
  8 hobgoblins
  4 quokkas (D:1)
  3 ball pythons
  2 bats (D:1)
  A frilled lizard (D:2)
  4 kobolds
  5 rats
39 creatures vanquished.

Notes
Turn   | Place    | Note
-------+----------+-------------------------------------------
     0 | D:1      | elagabalus the Hill Orc Berserker began the quest for the
                  | Orb.
     0 | D:1      | Reached XP level 1. HP: 19/19 MP: 1/1
   116 | D:1      | Reached XP level 2. HP: 27/27 MP: 2/2
   486 | D:1      | Reached skill level 5 in Axes
   486 | D:1      | Reached XP level 3. HP: 33/33 MP: 3/3
   628 | D:1      | Found a faded altar of an unknown god.
   768 | D:2      | You fall into a shaft and drop 1 floor!
   985 | D:2      | Reached ** piety under Trog
  1049 | D:2      | You fall into a shaft and drop 2 floors!
  1056 | D:4      | Noticed Sigmund
  1104 | D:4      | Found a staircase to the Ecumenical Temple.
  1110 | D:4      | Killed from afar by an orc priest

Illustrated notes

Levels and vault maps discovered:
D:1:      dpeg_arrival_long_road, layout_basic,
          shapermc_ecumenical_altar_mp_urbaneastern
D:2:      layout_basic
D:3:      layout_loops_ring, kennysheep_small_spiral, minmay_misc_feat_roman,
          grunt_ministairs_6
D:4:      layout_rooms, marbit_many_paths, minmay_temple_entry_proselytizer,
          uniq_sigmund, uniq_duvessa

Skill      XL: |  1  2  3 |
---------------+----------+-----
Fighting       | 4 |  4.0
Axes           | 5 |  5.6
Dodging        | 2 |  2.0
Armour         | |  2.1

Action                   || total
-------------------------++-------
Melee: Hand axe          ||    86
Invok: Berserk           ||     6
  Use: Scroll            ||     3
 Stab: Sleeping          ||     1
Armor: Ring mail         ||    16
Dodge: Dodged            ||    35

Table legend: (Time is in decaauts)
 A = Elapsed time spent in this place.
 B = Non-inter-level travel time spent in this place.
 C = Inter-level travel time spent in this place.
 D = Time resting spent in this place.
 E = Time spent auto-exploring this place.
 F = Levels seen in this place.
 G = Mean time per level.
                   A        B        C        D        E       F      G
               +--------+--------+--------+--------+--------+-----+--------+
         Total |   1178 |    350 |    828 |      0 |      0 |   4 |  294.5 |
       Dungeon |   1178 |    350 |    828 |      0 |      0 |   4 |  294.5 |
               +--------+--------+--------+--------+--------+-----+--------+

Top non-repeatable levels by time:
     D:1: 788 daAuts
     D:2: 284 daAuts
     D:4: 60 daAuts
     D:3: 44 daAuts
